Map: Dusk Towers

Players

Exehn

  • Race: Protoss Protoss
  • League: Master

Miszu - Winner!

  • Race: Terran Terran
  • League: Master

VOD

Have the link to the VOD?

Description

Time

  • Played on: March 10, 2016, 4:45 p.m.
  • Length: 10:59
Show
View Real Time Build Order
Export as new Build Order

Exehn Protoss 

Build Orders: 1 Gate Expand, Blink Stalkers 

Get SALT Encoding   

  12  0:01  Probe (Chrono Boost)  
  13  0:12  Probe (Chrono Boost)  
  14  0:17  Pylon  
  14  0:22  Probe (Chrono Boost)  
  16  0:36  Probe (Chrono Boost)  
  16  0:37  Gateway  
  16  0:46  Probe (Chrono Boost)  
  16  0:47  Assimilator  
  17  0:57  Probe (Chrono Boost)  
  18  1:07  Probe (Chrono Boost)  
  19  1:18  Probe (Chrono Boost)  
  20  1:28  Probe (Chrono Boost)  
  20  1:29  Nexus  
  21  1:39  Cybernetics Core  
  21  1:44  Assimilator  
  21  1:45  Probe (Chrono Boost)  
  22  1:53  Pylon  
  22  1:56  Probe (Chrono Boost)  
  23  2:11  Probe (Chrono Boost)  
  23  2:15  Adept, Warp Gate  
  26  2:22  Probe (Chrono Boost)  
  27  2:33  Mothership Core (Chrono Boost)  
  27  2:35  Twilight Council  
  29  2:44  Probe (Chrono Boost)  
  29  2:47  Stalker  
  33  2:51  Probe (Chrono Boost)  
  33  2:55  Probe (Chrono Boost)  
  34  3:02  Probe (Chrono Boost)  
  35  3:06  Probe (Chrono Boost)  
  35  3:12  Probe (Chrono Boost)  
  37  3:13  Blink (Chrono Boost)  
  37  3:15  Probe (Chrono Boost)  
  37  3:19  Gateway  
  38  3:22  Stalker  
  38  3:24  Probe  
  38  3:25  Probe  
  42  3:31  Pylon  
  42  3:35  Probe  
  42  3:36  Probe  
  44  3:46  Probe  
  44  3:48  Pylon, Probe  
  46  3:54  Robotics Facility  
  46  3:56  Probe  
  46  3:59  Assimilator  
  46  4:00  Probe  
  48  4:04  Assimilator  
  48  4:07  Probe  
  49  4:12  Probe  
  50  4:18  Probe  
  50  4:23  Stalker x2  
  55  4:24  Probe  
  55  4:28  Probe  
  55  4:29  Pylon  
  57  4:36  Probe  
  58  4:39  Probe  
  58  4:44  Observer  
  60  4:46  Nexus  
  60  4:48  Pylon  
  60  4:51  Stalker, Probe  
  60  4:52  Stalker  
  64  4:53  Probe  
  66  5:02  Probe  
  66  5:05  Observer, Probe  
  69  5:12  Probe  
  69  5:17  Probe  
  69  5:22  Stalker x2, Pylon  
  69  5:23  Probe  
  74  5:29  Probe  
  74  5:30  Gateway x2  
  74  5:33  Gateway, Probe  
  76  5:36  Forge  
  76  5:37  Observer  
  76  5:41  Probe  
  78  5:44  Probe  
  78  5:45  Stalker  
  78  5:47  Stalker  
  83  5:54  Probe  
  83  5:55  Probe  
  83  5:56  Pylon  
  85  5:57  Probe  
  85  5:58  Pylon  
  86  6:06  Warp Prism  
  86  6:11  Sentry x2  
  90  6:19  Protoss Ground Weapons Level 1 (Chrono Boost)  
  90  6:28  Adept x2  
  90  6:35  Probe x2  
  90  6:37  Adept x2  
  90  6:42  Immortal  
  94  6:50  Stalker x3  
  100  6:57  Gateway  
  100  6:58  Gateway  
  100  7:00  Gateway, Probe x3, Assimilator  
  103  7:04  Resonating Glaives (Chrono Boost), Assimilator  
  103  7:12  Adept x4  
  103  7:15  Templar Archives  
  111  7:17  Pylon, Probe  
  111  7:22  Pylon  
  111  7:35  Nexus  
  111  7:37  Pylon x2  
  111  7:41  Immortal  
  111  7:42  Psionic Storm  
  115  7:45  Sentry  
  117  7:54  Adept x2  
  117  7:55  Adept  
  117  7:56  Adept  
  125  7:59  Adept x3  
  131  8:08  Pylon  
  131  8:10  Pylon  
  131  8:14  Adept x3  
  131  8:15  Adept  
  137  8:20  Immortal  
  137  8:29  High Templar  
  137  8:30  High Templar x3  
  143  8:39  Charge (Chrono Boost)  
  139  8:42  Protoss Ground Armor Level 1 (Chrono Boost)  
  133  8:51  Assimilator  
  133  8:55  Adept  
  133  8:56  Zealot x3, Assimilator  
  133  9:00  Immortal  
  145  9:08  Photon Cannon  
  145  9:17  Stalker x6  
  147  9:18  Stalker x2  
  161  9:28  Photon Cannon  
  161  9:30  Pylon  
  161  9:33  Gateway  
  161  9:37  Gateway  
  152  9:50  Stalker  
  152  9:51  Stalker x3  
  141  10:06  High Templar x2  
  141  10:07  Immortal (Chrono Boost)  
  141  10:12  Archon  
  140  10:20  Pylon  
  140  10:21  Pylon x2  
  140  10:23  Nexus  
  140  10:28  Pylon  
  140  10:32  Mothership Core  
  140  10:33  Pylon  
  128  10:38  Archon x2  
  98  10:43  Probe  
Show
View Real Time Build Order
Export as new Build Order

Miszu Terran - Winner!

Build Orders: Command Center First (CC), MMM Bio 

Get SALT Encoding   

  12  0:01  SCV  
  13  0:13  SCV  
  14  0:17  Supply Depot  
  14  0:25  SCV  
  15  0:39  SCV  
  16  0:51  SCV  
  17  1:00  Command Center  
  17  1:03  SCV  
  18  1:15  SCV  
  18  1:16  Barracks  
  19  1:28  SCV  
  19  1:29  Barracks  
  20  1:40  SCV  
  20  1:42  Barracks  
  21  1:52  SCV  
  22  2:04  Marine, Orbital Command  
  23  2:11  Orbital Command  
  23  2:16  Marine  
  23  2:22  Marine  
  24  2:29  SCV  
  26  2:30  Marine  
  26  2:33  Refinery  
  26  2:34  Marine  
  26  2:35  Refinery  
  28  2:37  SCV  
  28  2:40  Supply Depot  
  28  2:41  SCV  
  28  2:44  Marine  
  30  2:49  SCV  
  32  2:54  SCV  
  32  2:58  Marine x2  
  35  3:01  SCV  
  35  3:02  Supply Depot  
  36  3:06  Barracks Tech Lab, SCV  
  37  3:13  SCV  
  37  3:15  Marine  
  37  3:18  SCV  
  40  3:21  Marine  
  40  3:24  Marine, Stimpack  
  40  3:26  SCV  
  43  3:29  Supply Depot  
  43  3:30  SCV  
  43  3:33  Marine  
  45  3:38  SCV  
  45  3:39  Marine  
  47  3:42  Factory, SCV  
  48  3:50  SCV  
  48  3:51  Supply Depot, Marine x2  
  48  3:54  SCV  
  52  3:57  Marine, Refinery  
  52  4:02  SCV  
  54  4:06  SCV  
  54  4:08  Engineering Bay, Marine  
  54  4:09  Marine  
  57  4:14  Marine, SCV  
  59  4:17  Supply Depot  
  59  4:18  SCV  
  60  4:26  Starport, SCV  
  60  4:27  Marine, Factory Reactor  
  60  4:30  Marauder, SCV  
  65  4:33  Terran Infantry Weapons Level 1  
  66  4:38  SCV  
  66  4:39  Supply Depot  
  66  4:42  SCV  
  67  4:49  Barracks Reactor  
  67  4:50  Barracks Tech Lab, SCV  
  68  4:55  Command Center, SCV  
  68  4:58  Refinery  
  71  5:00  Marauder  
  71  5:02  SCV  
  72  5:07  SCV  
  72  5:12  Marauder  
  74  5:14  SCV  
  74  5:19  SCV  
  78  5:21  Marauder  
  78  5:22  Medivac x2  
  78  5:23  Combat Shields  
  78  5:27  Supply Depot, SCV  
  83  5:30  Supply Depot  
  83  5:31  SCV  
  83  5:34  Marine x2  
  86  5:49  Marine, Marauder, SCV x2  
  91  5:51  Marine  
  91  5:54  Medivac  
  91  5:55  Medivac  
  96  6:01  Barracks, SCV x2  
  96  6:02  Barracks  
  98  6:06  Supply Depot  
  98  6:08  Supply Depot  
  98  6:13  SCV x2  
  98  6:14  Marauder, Concussive Shells  
  102  6:23  Marine  
  102  6:24  Marauder, Liberator  
  102  6:25  SCV x2  
  101  6:36  Marauder  
  101  6:37  SCV  
  102  6:40  Marine  
  102  6:41  Marine  
  102  6:43  Terran Infantry Armor Level 1, SCV  
  102  6:45  Marauder  
  110  6:47  Refinery x2  
  110  6:50  Orbital Command  
  110  6:53  Barracks Reactor, Barracks Tech Lab  
  110  6:59  Liberator  
  110  7:00  SCV  
  112  7:01  SCV  
  112  7:02  Supply Depot  
  112  7:08  Liberator  
  112  7:11  Marauder x2  
  112  7:15  Starport, Fusion Core  
  119  7:22  Supply Depot  
  119  7:24  Supply Depot  
  119  7:26  Marine, Marauder  
  125  7:31  SCV  
  125  7:32  Marauder, SCV  
  125  7:34  SCV  
  129  7:43  SCV  
  129  7:44  SCV  
  131  7:45  Liberator  
  131  7:46  Marine x3, Marauder, SCV  
  131  7:47  Supply Depot, Marine  
  131  7:48  Supply Depot  
  138  7:54  Barracks  
  138  7:55  Marauder, Marine, Barracks  
  138  7:56  Starport Tech Lab  
  138  7:57  Barracks  
  141  8:03  Marine  
  141  8:04  Marine x2  
  147  8:07  Marauder  
  149  8:13  Marauder  
  149  8:19  Liberator  
  149  8:20  Liberator  
  144  8:28  Liberator  
  142  8:37  Advanced Ballistics  
  142  8:38  Marine, Marauder  
  142  8:39  Marine x5  
  157  8:50  Barracks Tech Lab  
  157  8:51  Barracks Reactor, Barracks Tech Lab  
  157  8:56  Marine x2  
  163  9:02  Marine, Marauder  
  163  9:03  Marine, Marauder x2  
  167  9:19  Medivac  
  167  9:21  Supply Depot x3  
  169  9:28  Medivac  
  169  9:29  Command Center  
  171  9:36  Liberator x2  
  171  9:43  Liberator  
  171  9:45  Marine, Marauder  
  172  9:46  Marauder  
  169  9:54  Marine, Marauder  
  151  10:01  Marine, Marauder x2  
  151  10:05  Marine x2  
  151  10:06  Marauder  
  159  10:07  Marauder  
  159  10:20  Engineering Bay, Armory  
  159  10:24  SCV x3  
  162  10:29  Engineering Bay  
  162  10:30  Armory  
  147  10:36  SCV x2  
  147  10:40  Marine  
Tags
 
Add a new tag
Caveats
  • Supply blocks, unpowered buildings, or Contaminate may cause inaccurate times.
  • Supply counts are checked every 10 seconds.